AoeStats
← chiming

Arena

511056792Analyzed
3v3 RM · 3h ago on Oct 3, 2026· 47m 52s· 6 players
Game mode
Random Map
Map size
Normal (6 player)
Population
200
Speed
Normal
Resources
Standard
Victory
Conquest
Starting age
Dark Age
Ending age
Imperial Age
RankedLock teamsTeams togetherTeam positionsShared explorationLock speedFull tech treeHidden civsTurbo modeCheats
Victory
Defeat
🇸🇪 Franks · Sweden
1062
+15
🇨🇴 Portuguese · Colombia
1060
+15
🇦🇷 Bohemians · Argentina
1009
+17
🇹🇼 Khmer · Taiwan
1084
-17
🇹🇼 Vietnamese · Taiwan
1063
-16
🇹🇼 Byzantines · Taiwan
989
-14
BangBangBang
10:54 Feudal Age
11:20 Loom
13:56 Castle Age
12:29 Double-Bit Axe
12:51 Horse Collar
20:35 Wheelbarrow
20:17 Bow Saw
21:10 Heavy Plow
27:45 Imperial Age
25:31 Hand Cart
25:02 Town Watch
26:15 Hand Cart
28:02 Gold Mining
28:02 Stone Mining
28:25 Scale Barding Armor
28:31 Forging
28:33 Bloodlines
28:24 Husbandry
30:14 Conscription
29:54 Double Crossbow
30:15 Chain Barding Armor
30:34 Iron Casting
30:07 Siege Engineers
30:27 Cavalier
30:30 Light Cavalry
33:35 Blast Furnace
32:36 Scale Mail Armor
32:28 Pikeman
32:54 Arson
33:59 Crop Rotation
34:06 Plate Barding Armor
33:57 Hussar
37:03 Fletching
37:14 Padded Archer Armor
37:29 Chain Mail Armor
37:55 Fortified Wall
38:06 Ballistics
38:46 Leather Archer Armor
38:26 Bodkin Arrow
38:05 Halberdier
40:51 Ring Archer Armor
40:33 Masonry
42:21 Murder Holes
chiming
11:11 Feudal Age
15:28 Castle Age
13:48 Double-Bit Axe
14:00 Horse Collar
14:34 Loom
18:40 Wheelbarrow
18:09 Heavy Plow
20:30 Hand Cart
23:14 Bow Saw
30:46 Imperial Age
28:58 Gold Mining
30:03 Treadmill Crane
30:44 Ballistics
30:21 Murder Holes
30:18 Fletching
31:08 Gold Shaft Mining
32:15 Crop Rotation
32:54 Two-Man Saw
33:18 Chemistry
33:21 Stone Mining
33:45 Scale Mail Armor
33:56 Forging
33:42 Bodkin Arrow
35:45 Conscription
37:06 Pikeman
37:47 Squires
38:29 Crossbowman
39:14 Thumb Ring
40:27 Scale Barding Armor
40:37 Chain Mail Armor
40:58 Iron Casting
40:24 Bracer
40:24 Padded Archer Armor
40:14 Arrowslits
40:40 Fortified Wall
39:59 Elite Varangian Guard
41:38 Chain Barding Armor
42:36 Halberdier
45:20 Man-at-Arms
45:45 Gambesons
47:18 Plate Mail Armor
47:05 Leather Archer Armor
Neymar
0:27 Loom
12:00 Feudal Age
16:09 Castle Age
14:20 Double-Bit Axe
14:48 Horse Collar
21:24 Bow Saw
25:30 Heavy Plow
29:15 Wheelbarrow
32:14 Imperial Age
30:43 Fortified Wall
31:10 Padded Archer Armor
31:00 Fletching
32:20 Leather Archer Armor
32:11 Gold Mining
33:19 Wheelbarrow
35:39 Chemistry
35:02 Ballistics
35:12 Bodkin Arrow
35:48 Ring Archer Armor
35:31 Pikeman
36:12 Squires
36:01 Arson
35:39 Elite Skirmisher
37:25 Bracer
37:27 Scale Mail Armor
36:55 Imperial Skirmisher
37:49 Forging
39:10 Crop Rotation
39:46 Two-Man Saw
41:15 Chain Mail Armor
41:36 Iron Casting
CTM | Kiara
11:39 Feudal Age
10:06 Loom
16:54 Castle Age
15:12 Double-Bit Axe
16:38 Town Watch
16:51 Horse Collar
18:58 Bow Saw
18:50 Heavy Plow
21:16 Wheelbarrow
22:14 Gold Mining
22:26 Stone Mining
24:10 Hand Cart
27:45 Imperial Age
26:26 Town Patrol
26:36 Scale Barding Armor
26:55 Forging
27:21 Bloodlines
28:07 Stone Shaft Mining
28:17 Husbandry
29:29 Conscription
31:09 Chemistry
31:24 Chain Barding Armor
31:01 Light Cavalry
34:18 Two-Man Saw
33:54 Crop Rotation
35:06 Plate Barding Armor
36:12 Fletching
39:04 Bodkin Arrow
39:42 Murder Holes
41:13 Arquebus
43:32 Elite Organ Gun
48:16 Siege Engineers
Hans Solo
10:37 Feudal Age
16:15 Castle Age
14:46 Double-Bit Axe
15:38 Gold Mining
17:20 Bow Saw
22:29 Wheelbarrow
23:45 Hand Cart
24:37 Gold Shaft Mining
29:51 Forging
32:18 Imperial Age
30:00 Stone Mining
30:21 Husbandry
31:02 Iron Casting
30:32 Scale Barding Armor
33:06 Chain Barding Armor
32:51 Cavalier
34:32 Blast Furnace
33:39 Loom
33:41 Town Watch
34:54 Plate Barding Armor
34:10 Paladin
35:09 Town Patrol
35:30 Scale Mail Armor
38:02 Pikeman
38:42 Squires
38:28 Arson
38:36 Fletching
39:02 Chain Mail Armor
39:25 Hoardings
39:12 Conscription
38:49 Heavy Scorpion
39:51 Onager
42:12 Chemistry
41:23 Fortified Wall
40:54 Treadmill Crane
43:47 Coinage
43:18 Caravan
48:23 Banking
Joselias
10:51 Feudal Age
13:00 Loom
15:34 Castle Age
13:48 Double-Bit Axe
19:32 Wheelbarrow
21:13 Fervor
25:18 Horse Collar
31:49 Imperial Age
29:33 Pikeman
30:15 Scale Mail Armor
30:26 Forging
30:51 Heavy Plow
31:02 Bow Saw
31:07 Squires
32:17 Chain Mail Armor
32:38 Iron Casting
34:13 Two-Man Saw
33:01 Halberdier
34:13 Plate Mail Armor
35:33 Blast Furnace
36:30 Conscription
37:59 Hand Cart
41:54 Arson
Connection lost

Rejoining the realm…

Still unreachable

The connection could not be restored.

Session expired

The server has moved on; the page needs a fresh start.